 Dungeon Crawl Stone Soup version 0.20.0-8-g6b59dc7 (webtiles) character file.

164 Hasart the Shield-Bearer (level 5, -8/36 HPs)
             Began as an Octopode Fighter on June 2, 2017.
             Mangled by an ice beast (13 damage)
             ... on level 3 of the Dungeon.
             The game lasted 00:03:34 (2141 turns).

Hasart the Shield-Bearer (Octopode Fighter)         Turns: 2141, Time: 00:03:35

Health: -8/36      AC:  1    Str: 21    XL:     5   Next: 45%
Magic:  5/5        EV: 12    Int: 10    God:
Gold:   165        SH:  9    Dex: 12    Spells: 4/4 levels left

rFire    . . .     SeeInvis .   a - +0 flail
rCold    . . .     Gourm    .   b - +0 shield
rNeg     . . .     Faith    .   (helmet restricted)
rPois    .         Spirit   .   (no amulet)
rElec    .         Reflect  .   (no ring)
rCorr    .         Harm     .   (no ring)
MR       .....                  (no ring)
Stlth    +++.......             (no ring)
Regen    0.2/turn               (no ring)
MPRegen  0.1/turn               (no ring)
                                (no ring)
                                (no ring)

@: mighty
A: almost no armour, stealthy swim, amphibious, 8 rings, constrict 8, camouflage
1, gelatinous body 1
a: no special abilities


You were on level 3 of the Dungeon.
You were not hungry.

You visited 1 branch of the dungeon, and saw 3 of its levels.

You collected 165 gold pieces.

Inventory:

Hand Weapons
 a - a +0 flail (weapon)
Armour
 b - a +0 shield (worn)
Scrolls
 e - a scroll of recharging {unknown}
 g - 5 scrolls of identify {unknown}
 i - 4 scrolls of teleportation {unknown}
 j - 2 scrolls of fear {unknown}
 k - a scroll of random uselessness {unknown}
 m - a scroll of immolation {unknown}
 s - a scroll of blinking {unknown}
Potions
 f - 3 potions of curing {unknown}
 l - a potion of degeneration {unknown}
 o - 2 potions of lignification {unknown}
 p - 2 potions of heal wounds {unknown}
 q - a potion of agility {unknown}
Comestibles
 d - 3 bread rations
 h - 3 meat rations
 n - 3 fruits
 r - a chunk of flesh


   Skills:
 + Level 3.5 Fighting
 * Level 3.2 Maces & Flails
 + Level 3.7 Dodging
 + Level 2.3 Stealth
 + Level 3.9 Shields


You had 4 spell levels left.
You didn't know any spells.

Dungeon Overview and Level Annotations

Branches:
Dungeon (3/15)

Altars:
Elyvilon
Fedhas
Sif Muna


Innate Abilities, Weirdness & Mutations

You cannot wear most types of armour.
You are very stealthy in the water. (Stealth+)
You are amphibious.
You can wear up to eight rings at the same time.
You can use your tentacles to constrict eight enemies at once.
Your skin changes colour to match your surroundings (Stealth+).
Your rubbery body absorbs attacks. (AC +1, EV +1)


Message History

You block the ice beast's attack.
Your shield prevents you from hitting the ice beast.
The ice beast is moderately wounded.
The ice beast hits you. The ice beast freezes you!
* * * LOW HITPOINT WARNING * * *
The ice beast hits you but does no damage.
You feel very mighty all of a sudden. The ice beast closely misses you.
You hit the ice beast. Your squeeze misses the ice beast.
The ice beast is heavily wounded.
You block the ice beast's attack.
You sock the ice beast!
The ice beast is almost dead.
The ice beast misses you.
You hit the ice beast but do no damage.
The ice beast is almost dead.
The ice beast closely misses you. The ice beast hits you.
* * * LOW HITPOINT WARNING * * *
The ice beast freezes you!
You die...

..#.......####..........
##.###.....#†#..########
#.#.####..(.##..# #####
#######..# ## #........#
.+ #+##.....###### ##
....>.........#
.........####.#
.........@Y...#
......#....#### .
......+...... .
......######## # ..?. .


You could see an ice beast.

Vanquished Creatures
  Natasha (thrice) (D:2)
  An adder (D:2)
  4 worms
  5 dart slugs
  2 leopard geckos (D:2)
  4 orcs (D:3)
  6 bats
  11 goblins
  5 hobgoblins
  2 jackals (D:2)
  3 ball pythons
  7 frilled lizards
  A kobold (D:2)
  A rat (D:2)
55 creatures vanquished.

Notes
Turn   | Place    | Note
-------+----------+-------------------------------------------
     0 | D:1      | Hasart the Octopode Fighter began the quest for the Orb.
     0 | D:1      | Reached XP level 1. HP: 16/16 MP: 1/1
   276 | D:1      | Reached XP level 2. HP: 13/21 MP: 2/2
   604 | D:1      | Reached skill level 1 in Stealth
   823 | D:2      | Found a white marble altar of Elyvilon.
  1005 | D:2      | Reached XP level 3. HP: 26/26 MP: 3/3
  1068 | D:2      | Found a blossoming altar of Fedhas.
  1224 | D:2      | Noticed Natasha
  1229 | D:2      | Killed Natasha
  1229 | D:2      | Reached XP level 4. HP: 31/31 MP: 4/4
  1308 | D:2      | Noticed Natasha
  1316 | D:2      | Killed Natasha
  1455 | D:2      | Found a deep blue altar of Sif Muna.
  1669 | D:2      | Noticed Natasha
  1675 | D:2      | Killed Natasha
  1675 | D:2      | Reached XP level 5. HP: 31/36 MP: 5/5
  2133 | D:3      | Noticed an ice beast
  2141 | D:3      | Mangled by an ice beast

Skill      XL: |  1  2  3  4 |
---------------+-------------+-----
Stealth        | 1 2 |  2.3
Maces & Flails | 3 |  3.2
Fighting       | |  3.5
Dodging        | |  3.7
Shields        | |  3.9

Action                   |  1- 3 |  4- 6 || total
-------------------------+-------+-------++-------
Melee: Flail             |    47 |    51 ||    98
       Constrict         |    16 |    17 ||    33
       Tentacles         |     6 |    14 ||    20
  Use: Potion            |       |     1 ||     1
 Stab: Sleeping          |     8 |     6 ||    14
  Eat: Chunk             |       |     4 ||     4
Armor: Skin              |     3 |     6 ||     9
Dodge: Dodged            |    13 |    21 ||    34
Block: Shield            |    19 |     9 ||    28
